 Dungeon Crawl Stone Soup version 0.22-a0-362-g535178c (webtiles) character file.

1770 KristoblXynda the Carver (level 8, -6/94 HPs)
             Began as a White Draconian Fighter on Apr 18, 2018.
             Was a Follower of Ashenzari.
             Killed from afar by an orc warrior (27 damage)
             ... with an exploding inner flame
             ... hexed by the player character
             ... on level 6 of the Dungeon on Apr 19, 2018.
             The game lasted 00:11:45 (6082 turns).

KristoblXynda the Carver (White Draconian Fighter)  Turns: 6082, Time: 00:11:46

Health: -6/94      AC: 24    Str: 18    XL:     8   Next: 80%
Magic:  8/8        EV:  2    Int: 11    God:    Ashenzari [*.....]
Gold:   314        SH: 10    Dex: 11    Spells: 7/7 levels left

rFire    . . .     SeeInvis .   o - +2 long sword (holy)
rCold    . . .     Gourm    .   b - +0 shield
rNeg     + + +     Faith    .   (armour unavailable)
rPois    +         Spirit   .   (helmet currently unavailable)
rElec    .         Reflect  .   (cloak currently unavailable)
rCorr    .         Harm     .   (gloves currently unavailable)
MR       .....     NoTele   +   (boots currently unavailable)
Stlth    +.........             (no amulet)
HPRegen  0.25/turn              (no ring)
MPRegen  0.11/turn              (no ring)

@: lethally poisoned (-6 -> -11), tree-form
A: (breathe frost), unfitting armour, AC +6
a: Curse Item, Scrying, Renounce Religion


You were on level 6 of the Dungeon.
You worshipped Ashenzari.
Ashenzari was aware of your devotion.
You were not hungry.
You were a tree.
You visited 2 branches of the dungeon, and saw 7 of its levels.

You collected 314 gold pieces.

Inventory:

Hand Weapons
 o - a +2 long sword of holy wrath (weapon)
Armour
 b - a +0 shield (worn)
 g - a cursed +2 hat (melded)
 l - a +0 pair of gloves (melded)
 p - a scarf of cloud immunity (melded)
 u - a +0 pair of boots (melded)
Jewellery
 f - an uncursed ring of ice
Wands
 a - a wand of iceblast (13)
Scrolls
 h - a scroll of teleportation
 i - a scroll of amnesia
 j - a scroll of remove curse
 k - 2 scrolls of magic mapping
 m - a scroll of enchant armour {unknown}
 t - a scroll of fog
Potions
 c - 2 potions of flight
 q - 2 potions of brilliance
 r - a potion of resistance
 s - a potion of cancellation {unknown}
Comestibles
 d - 8 rations


   Skills:
 - Level 3.2 Fighting
 * Level 8.3 Long Blades
 + Level 5.8 Dodging
 + Level 6.3 Shields


You had 7 spell levels left.
You didn't know any spells.

Dungeon Overview and Level Annotations

Branches:
Dungeon (6/15)             Temple (1/1) D:5

Altars:
Ashenzari
Dithmenos
Elyvilon
Fedhas
Hepliaklqana
Kikubaaqudgha
Makhleb
Nemelex Xobeh
Okawaru
Qazlal
Sif Muna
Trog
Yredelemnul
Zin
The Shining One


Innate Abilities, Weirdness & Mutations

((You can breathe waves of freezing cold.))
((You can buffet flying creatures when you breathe cold.))
((Your icy white scales are hard. (AC +6)))
You cannot fit into any form of body armour.
((Your flesh is cold resistant. (rC+)))
((You are cold-blooded and may be slowed by cold attacks.))


Message History

The jackal bites you but does no damage.
The orc barely misses you.
You riposte.
You barely miss the orc. You block the orc's attack.
The orc hits you from afar with a trident.
* * * LOW HITPOINT WARNING * * *
As you read the scroll labeled XEDYXZOLLUA, it crumbles to dust.
The creatures around you are filled with an inner flame!
It was a scroll of immolation.
You block the jackal's attack. The adder barely misses you.
You block the orc warrior's attack.
The jackal bites you but does no damage.
Something hits you but does no damage.
The orc priest hits you but does no damage.
The jackal barely misses you.
You riposte.
You hit the jackal.
The jackal explodes!
The fiery explosion engulfs the jackal.
The jackal explodes!
The fiery explosion engulfs the orc warrior.
The orc warrior explodes!
The fiery explosion engulfs you!
You die...

#....#
#....#
#....#
#..###
#....#
#..##
#....# #..
#....# #..#
##....# ...
#.....##
#§§o{S.#
#.§§♣oo#
#.§§oh.#
#....§o..#
###......#
#......#
........
#.........
#....(..#..


You could see an orc priest (inner flame), an adder (inner flame), 4 orcs and a
jackal (inner flame).

Vanquished Creatures
  Grinder (D:3)
  The ghost of VDreamerV the Changer, an amateur NaTm (D:3)
  2 sky beasts (D:6)
  An ogre (D:5)
  A centaur (D:5)
  A bullfrog (D:5)
  A gnoll sergeant (D:5)
  5 scorpions
  A howler monkey (D:5)
  3 crimson imps
  A hound (D:5)
  5 orc priests
  2 centaur skeletons
  Jessica (D:3)
  An iguana (D:4)
  2 orc wizards (D:4)
  A hound zombie (D:5)
  Robin (D:3)
  8 adders
  4 gnolls (D:5)
  An adder skeleton (D:4)
  A worm (D:4)
  A dart slug (D:5)
  4 leopard geckos
  10 orcs
  3 bats
  3 giant cockroaches (D:4)
  13 goblins
  5 hobgoblins
  7 jackals
  2 ball pythons (D:3)
  2 frilled lizards (D:1)
  A giant cockroach zombie (D:5)
  A jackal skeleton (D:5)
  6 kobolds
  8 rats
111 creatures vanquished.

Vanquished Creatures (others)
  An orc wizard (D:4)
1 creature vanquished.

Grand Total: 112 creatures vanquished

Notes
Turn   | Place    | Note
-------+----------+-------------------------------------------
     0 | D:1      | KristoblXynda the Draconian Fighter began the quest for the Orb.
     0 | D:1      | Reached XP level 1. HP: 19/19 MP: 1/1
     0 | D:1      | Upgraded the game from 0.22-a0-358-g7563fe7 to 0.22-a0-362-g535178c
    75 | D:1      | Reached XP level 2. HP: 20/26 MP: 2/2
   812 | D:2      | Found a faded altar of an unknown god.
  1495 | D:3      | Noticed VDreamerV's ghost (amateur NaTm)
  1536 | D:3      | Killed VDreamerV's ghost
  1536 | D:3      | Reached skill level 4 in Long Blades
  1536 | D:3      | Reached XP level 3. HP: 16/31 MP: 3/3
  1536 | D:3      | Reached XP level 4. HP: 19/38 MP: 4/4
  1536 | D:3      | Reached XP level 5. HP: 23/45 MP: 5/5
  1711 | D:3      | Noticed Grinder
  1720 | D:3      | Noticed Jessica
  1734 | D:3      | Killed Grinder
  1734 | D:3      | Reached skill level 5 in Long Blades
  1734 | D:3      | Reached XP level 6. HP: 35/51 MP: 6/6
  1736 | D:3      | Killed Jessica
  2257 | D:3      | Noticed Robin
  2271 | D:3      | Killed Robin
  2519 | D:4      | Your scales start taking on an icy white colour.
  2519 | D:4      | Reached XP level 7. HP: 55/57 MP: 7/7
  2519 | D:4      | Gained mutation: Your flesh is cold resistant. (rC+) [White Draconian growth]
  2593 | D:4      | Found a hazy altar of Hepliaklqana.
  2987 | D:4      | Reached skill level 6 in Long Blades
  3457 | D:4      | Reached skill level 5 in Shields
  3582 | D:4      | Found a white marble altar of Elyvilon.
  3595 | D:4      | Found a sparkling altar of Nemelex Xobeh.
  3815 | D:5      | Entered Level 5 of the Dungeon
  4024 | D:5      | Found a stormy altar of Qazlal.
  4025 | D:5      | Found a basalt altar of Yredelemnul.
  4194 | D:5      | Reached skill level 5 in Dodging
  4228 | D:5      | Found a staircase to the Ecumenical Temple.
  4247 | Temple   | Entered the Ecumenical Temple
  4256 | Temple   | Became a worshipper of Ashenzari the Shackled
  4275 | D:5      | Reached XP level 8. HP: 56/63 MP: 8/8
  4519 | D:5      | Reached skill level 7 in Long Blades
  4754 | D:5      | Found a deep blue altar of Sif Muna.
  5321 | D:5      | Found an ancient bone altar of Kikubaaqudgha.
  5681 | D:6      | Reached * piety under Ashenzari
  5774 | D:6      | Reached skill level 8 in Long Blades
  6082 | D:6      | Killed from afar by an orc warrior

Vault maps used:
D:1:      wheals_arrival_shading, minmay_misc_feat_secret_circle
D:2:      chequers_ecumenical_altar_island, serial_forest,
          infiniplex_forest_end_3, infiniplex_forest_end_double,
          infiniplex_forest_lined_3, infiniplex_forest_end_3,
          infiniplex_forest_clump_double
D:3:      uniq_grinder, uniq_jessica, uniq_robin
D:4:      old_standard_altar, amethyst_overflow_temple_binary
D:5:      kennysheep_mini, grunt_temple_overflow_open, led_sif_pool,
          temple_doors_cd, first_ration, grunt_ministairs_6
Temple:   eino_temple_lava

Skill      XL: |  1  2  3  4  5  6  7  8 |
---------------+-------------------------+-----
Dodging        | 3 4 5 |  5.8
Long Blades    | 4 5 6 8 |  8.3
Shields        | 4 5 6 |  6.3
Fighting       | |  3.2

Action                   |  1- 3 |  4- 6 |  7- 9 || total
-------------------------+-------+-------+-------++-------
Melee: Long sword        |    58 |   105 |   247 ||   410
       Tailslap          |     7 |    10 |    42 ||    59
Invok: Curse Item        |       |       |     1 ||     1
 Abil: Breathe Frost     |       |       |     5 ||     5
  Use: Scroll            |     8 |     1 |     7 ||    16
       Potion            |     1 |     2 |     2 ||     5
 Stab: Sleeping          |       |     1 |       ||     1
  Eat: Ration            |     1 |       |     3 ||     4
       Chunk             |       |     2 |     4 ||     6
Armor: Skin              |    25 |    29 |   154 ||   208
Dodge: Dodged            |    34 |    58 |   100 ||   192
Block: Shield            |    41 |    53 |   153 ||   247
       Rpst.: Long sword |    12 |    15 |    35 ||    62

Table legend:
 A = Spawn XP
 B = Non-spawn XP
 C = Spawn XP percentage of total XP
 D = Spawn monster count
 E = Non-spawn monster count
 F = Spawn count percentage of total count
 G = Total turns spent on level
                    A         B        C        D         E        F      G
               +---------+---------+-------+---------+---------+-------+---------
         Total |       0 |    2529 |   0.0 |       0 |     112 |   0.0 |  6082
               +---------+---------+-------+---------+---------+-------+---------
           D:1 |       0 |      23 |   0.0 |       0 |      15 |   0.0 |   520
           D:2 |       0 |       9 |   0.0 |       0 |       5 |   0.0 |  1002
           D:3 |       0 |     654 |   0.0 |       0 |      36 |   0.0 |   966
           D:4 |       0 |     416 |   0.0 |       0 |      23 |   0.0 |  1327
           D:5 |       0 |     967 |   0.0 |       0 |      26 |   0.0 |  1705
           D:6 |       0 |     460 |   0.0 |       0 |       7 |   0.0 |   542
               +---------+---------+-------+---------+---------+-------+---------
